 Dungeon Crawl Stone Soup version 0.29.1-2-gbd0b4ee654 (webtiles) character file.

Game seed: 3379245603446843610

54 JayTehDuck the Conjurer (level 3, 0/16 HPs)
             Began as a Spriggan Conjurer on Nov 14, 2022.
             Slain by a jackal (3 damage)
             ... on level 3 of the Dungeon.
             The game lasted 00:01:16 (1719 turns).

JayTehDuck the Conjurer (Spriggan Conjurer)         Turns: 1719, Time: 00:01:17

Health: 0/16       AC:  2    Str:  0 (3)  XL:     3   Next: 66%
Magic:  1/8        EV: 17    Int: 19 (21) God:
Gold:   102        SH:  0    Dex: 12 (13) Spells: 7/8 levels left

rFire   . . .      SeeInvis +   (weapon restricted)
rCold   . . .      Faith    .   (no shield)
rNeg    . . .      Spirit   .   a - +0 robe
rPois   .          Reflect  .   (helmet restricted)
rElec   .          Harm     .   (no cloak)
rCorr   .          Rampage  .   (gloves unavailable)
Will    .....                   (boots unavailable)
Stlth   ++........              (no amulet)
HPRegen 0.00/turn               (no ring)
MPRegen 0.11/turn               (no ring)

@: inhibited regen, slowed, lost strength, quick
A: very small, no large weapons, unfitting armour, see invisible, speed 3
a: no special abilities


You were on level 3 of the Dungeon.
You visited 1 branch of the dungeon, and saw 3 of its levels.

You collected 102 gold pieces.

Inventory:

Armour
 a - a +0 robe (worn)
Potions
 b - a potion of magic
 c - 3 potions of invisibility
 d - a potion of lignification {unknown}


   Skills:
 + Level 3.0 Dodging
 + Level 3.2 Stealth
 + Level 3.4 Spellcasting
 + Level 3.6 Conjurations


You had 7 spell levels left.
You knew the following spells:

 Your Spells              Type           Power      Damage    Failure   Level
a - Magic Dart            Conj           68%        1d6       3%          1

Your spell library contained the following spells:

 Spells                   Type           Power      Damage    Failure   Level
 Searing Ray              Conj           34%        2d5       4%          2
 Dazzling Flash           Conj/Hex       20%        N/A       21%         3
 Mephitic Cloud           Conj/Pois/Air  7%         N/A       26%         3
 Ignite Poison            Fire/Tmut/Pois 3%         N/A       41%         3
 Fulminant Prism          Conj/Hex       5%         3d7       56%         4
 Iskenderun's Mystic Bla  Conj/Tloc      10%        2d4       56%         4
 Freezing Cloud           Conj/Ice/Air   3%         6-21      94%         5


Dungeon Overview and Level Annotations

Branches:
Dungeon (3/15)

Altars:


Innate Abilities, Weirdness & Mutations

You are very small and have problems with some larger weapons.
You are too small for most types of armour.
You have supernaturally acute eyesight. (SInv)
You cover ground extremely quickly. (Speed+++)


Message History

There are monsters nearby!
You are out of magic!
There are monsters nearby!
You are out of magic!
There are monsters nearby!
You are out of magic!
There are monsters nearby!
Unknown command.
The jackal bites you but does no damage.
The jackal closely misses you. The jackal barely misses you. x2
You see here an adder corpse.
Found a book of Vapours.
The jackal barely misses you. The jackal bites you.
You see here a +0 club.
The jackal attacks as you move away! The jackal bites you.
The jackal attacks as you move away! The jackal misses you. x2
The jackal attacks as you move away! The jackal misses you.
The magic dart hits the jackal.
The jackal is lightly wounded.
The jackal barely misses you. The jackal misses you.
You are out of magic!
You are out of magic!
You are out of magic!
You hit the jackal.
The jackal is moderately wounded.
The jackal barely misses you.
The jackal bites you but does no damage.
The jackal bites you. The jackal closely misses you. The jackal bites you.
You hit the jackal.
The jackal is severely wounded.
The jackal closely misses you. The jackal barely misses you.
The jackal misses you. x2
You closely miss the jackal.
The jackal is severely wounded.
The jackal barely misses you.
The jackal misses you. x2; The jackal bites you.
* * * LOW HITPOINT WARNING * * *
The jackal barely misses you.
You barely miss the jackal.
The jackal is severely wounded.
The jackal bites you.
You die...

########
#......#
#......##
#:.......
..#####......#.
#......@.......
#####.hh.......
#...>†.....
#..........
#.........#
#..)......#
#..†.######
#..<##
.......##


You could see 2 jackals.

Vanquished Creatures
  2 adders
  A dart slug (D:1)
  3 ball pythons
  5 bats (D:1)
  3 endoplasms
  2 giant cockroaches (D:2)
  2 goblins
  3 hobgoblins
  2 jackals (D:3)
  A quokka (D:2)
  3 frilled lizards
  3 kobolds
  A rat (D:1)
31 creatures vanquished.

Notes
Turn   | Place    | Note
-------+----------+-------------------------------------------
     0 | D:1      | JayTehDuck the Spriggan Conjurer began the quest for the
                  | Orb.
     0 | D:1      | Reached XP level 1. HP: 9/9 MP: 5/5
   323 | D:1      | Reached XP level 2. HP: 13/13 MP: 4/6
   949 | D:1      | Lost strength.
  1167 | D:2      | Reached XP level 3. HP: 10/16 MP: 2/8
  1340 | D:2      | Identified the +0 ring mail of the Heron {rPois Int+4 Dex+2
                  | SInv}
  1719 | D:3      | Slain by a jackal

Illustrated notes

Levels and vault maps discovered:
D:1:      dpeg_arrival_long_road, layout_basic
D:2:      layout_rooms
D:3:      layout_rooms, mainiacjoe_overflow_six_doors_small,
          uniq_crazy_yiuf_cottage

Skill      XL: |  1  2  3 |
---------------+----------+-----
Conjurations   | 3 |  3.6
Spellcasting   | 3 |  3.4
Dodging        | 3 |  3.0
Stealth        | |  3.2

Action                   || total
-------------------------++-------
Melee: Unarmed           ||     4
 Cast: Magic Dart        ||    63
  Use: Potion            ||     1
       Scroll            ||     1
Armor: Robe              ||     5
Dodge: Dodged            ||    38
